 Dungeon Crawl Stone Soup version bcrawl-1.31.4 (webtiles) character file.

Game seed: 12444241606091308478

107156 Morbidden the Ducker (level 4, -1/25 HPs)
             Began as an Avariel Archaeologist on June 7, 2021.
             Slain by a bullfrog (10 damage)
             ... on level 3 of the Dungeon.
             The game lasted 00:02:42 (2052 turns).

Morbidden the Ducker (Avariel Archaeologist)        Turns: 2052, Time: 00:02:42

Health: -1/25      AC:  8    Str: 10    XL:     4   Next: 15%
Magic:  6/6        EV: 13    Int: 20    God:
Gold:   256        SH:  0    Dex: 11    Spells: 4/4 levels left

rFire    . . .     SeeInvis .   a - +1 short sword (venom)
rCold    . . .     Gourm    .   (no shield)
rNeg     . . .     Faith    .   c - +1 robe
rPois    .         Spirit   .   d - +1 hat
rElec    .         Reflect  .   k - +1 cloak
rCorr    .         Harm     .   (no gloves)
MR       .....                  p - +1 pair of boots
Stlth    ++........             (no amulet)
HPRegen  0.08/turn              (no ring)
MPRegen  0.10/turn              (no ring)

@: no status effects
A: no striking features
a: no special abilities


You were on level 3 of the Dungeon.
You were hungry.

You visited 1 branch of the dungeon, and saw 3 of its levels.

You collected 256 gold pieces.

Inventory:

Hand Weapons
 a - a +1 short sword of venom (weapon)
 b - a +0 blowgun
 n - a +2 short sword of holy wrath
Missiles
 f - 4 curare-tipped needles
Armour
 c - a +1 robe (worn)
 d - a +1 hat (worn)
 k - a +1 cloak (worn)
 p - a +1 pair of boots (worn)
 r - a +2 ring mail of fire resistance
Scrolls
 g - 2 scrolls of magic mapping
 i - 2 scrolls of identify
 l - a scroll of fear
 o - 3 scrolls of amnesia {unknown}
 q - a scroll of teleportation {unknown}
 s - a scroll of blinking {unknown}
Potions
 j - a potion of might {unknown}
 m - a potion of curing
Miscellaneous
 h - a dusty tome
Comestibles
 e - 7 rations {!d}


   Skills:
 * Level 1.3 Fighting
 * Level 2.1 Short Blades
   Level 0.7 Maces & Flails
 * Level 4.0 Dodging
 + Level 3.8 Stealth
 * Level 0.6 Spellcasting


You had 4 spell levels left.
You didn't know any spells.
Your spell library was empty.

Dungeon Overview and Level Annotations

Branches:
Dungeon (3/12)

Altars:
Lugonu
Qazlal
The Shining One


Message History

You are too injured to fight recklessly!
Unknown command.
The bullfrog hits you.
* * * LOW HITPOINT WARNING * * *
It was a potion of curing.
You feel better. The bullfrog barely misses you.
An orc comes into view.
Unknown command.
The orc shouts!
You hit the bullfrog.
The bullfrog looks more poisoned.
The bullfrog is lightly wounded.
The bullfrog barely misses you.
A quokka comes into view.
The bullfrog hits you but does no damage.
You are feeling hungry.
You barely miss the bullfrog.
The bullfrog is lightly wounded.
The bullfrog hits you.
Unknown command.
You feel better. The bullfrog hits you! x2
You die...

#..# #..# ####).#
#.....#
##.###.########
#####...##.........
#(........########.
.###...#.# ##@##.#
#F#... #go#.#.
#.##.##. ...... ..
r.##.# #. .#.. .#..
#####


You could see a bullfrog, an orc, a quokka (wandering) and a hobgoblin.

Vanquished Creatures
  2 adders
  A worm (D:2)
  A dart slug (D:2)
  A leopard gecko (D:2)
  6 bats
  A giant cockroach (D:1)
  3 goblins (D:1)
  6 hobgoblins
  3 jackals (D:1)
  A quokka (D:2)
  A ball python (D:1)
  2 frilled lizards (D:1)
  9 kobolds
  8 rats
45 creatures vanquished.

Notes
Turn   | Place    | Note
-------+----------+-------------------------------------------
     0 | D:1      | Morbidden the Avariel Archaeologist began the quest for the
                  | Orb.
     0 | D:1      | Reached XP level 1. HP: 11/11 MP: 3/3
    42 | D:1      | Reached skill level 1 in Fighting
   207 | D:1      | Reached XP level 2. HP: 16/16 MP: 4/4
   839 | D:1      | Reached XP level 3. HP: 20/20 MP: 5/5
  1005 | D:2      | Found a corrupted altar of Lugonu.
  1168 | D:2      | Reached skill level 1 in Short Blades
  1619 | D:2      | Found a stormy altar of Qazlal.
  1690 | D:2      | Found a glowing golden altar of the Shining One.
  1959 | D:3      | Reached skill level 4 in Dodging
  1959 | D:3      | Reached XP level 4. HP: 16/25 MP: 6/6
  2043 | D:3      | Noticed a bullfrog
  2052 | D:3      | Slain by a bullfrog

Skill      XL: |  1  2  3 |
---------------+----------+-----
Fighting       | 1 |  1.3
Short Blades   | 2 |  2.1
Dodging        | 4 |  4.0
Maces & Flails | |  0.7
Stealth        | |  3.8
Spellcasting   | |  0.6

Action                   |  1- 3 |  4- 6 || total
-------------------------+-------+-------++-------
Melee: Whip              |    20 |       ||    20
       Dagger            |    84 |       ||    84
       Short sword       |    76 |     6 ||    82
 Fire: Blowgun           |     2 |       ||     2
  Use: Scroll            |     2 |       ||     2
       Potion            |       |     2 ||     2
 Stab: Sleeping          |     5 |     1 ||     6
  Eat: Chunk             |     7 |     1 ||     8
Armor: Robe              |    57 |     1 ||    58
Dodge: Dodged            |   127 |     3 ||   130
